Flames vs RedWings

Created - April 8 2011 at 17:50

Goals
1 2 3 T
Flames 1 1 0 2
RedWings 1 0 2 3
Shots
1 2 3 T
Flames 11 5 9 25
RedWings 6 10 9 25

Period #1

1. Flames , Erik Johnson 16 (John Tavares, Mikael Samuelsson) at 0:24
2. RedWings , Jamie Langenbrunner 23 (Zach Parise, Ryan Getzlaf) at 1:55

Penalties :
Keith Yandle (DET) for Holding (Minor) at 3:49, Pavel Kubina (DET) for Hooking (Minor) at 6:26, Marco Sturm (CGY) for Roughing (Minor) at 6:26, Jack Johnson (CGY) for Hooking (Minor) at 11:39, Alexandre Burrows (DET) for Holding (Minor) at 15:33

Period #2

3. Flames , Jack Johnson 12 (John Tavares, Mikael Samuelsson) at 6:32

Penalties :
Zach Bogosian (CGY) for Hooking (Minor) at 10:34, Ryan Getzlaf (DET) for Roughing (Minor) at 14:30, Marco Sturm (CGY) for Holding (Minor) at 14:30, Colin White (DET) for High sticking (Minor) at 14:49

Period #3

4. RedWings , Keith Yandle 16 (Zach Parise, Brian Campbell) at 9:24
5. RedWings , Zach Parise 38 (Brian Campbell, Ryan Getzlaf) at 16:30

Penalties :
Ryan Getzlaf (DET) for Roughing (Minor) at 0:32, Joffrey Lupul (CGY) for Tripping (Minor) at 6:33, Zach Bogosian (CGY) for Goalie Interference (Minor) at 9:44, Brian Campbell (DET) for High sticking (Double Minor) at 16:53

Goalie Stats

Miikka Kiprusoff (CGY), 22 saves from 25 shots - (0.880), L, 31-26-5, 59:01 minutes
Craig Anderson (DET), 23 saves from 25 shots - (0.920), W, 47-24-8, 60:00 minutes

Players Stats

Flames
Player Name              G  A  P  +/- PIM S  H  SB FO    MP 
------------------------------------------------------------
Alex Steen               0  0  0  -1  0   4  0  0  0/1   17 
Anze Kopitar             0  0  0  -1  0   3  2  0  17/23 20 
Dan Boyle                0  0  0  -1  0   0  1  3  0/0   23 
Erik Johnson             1  0  1   0  0   3  0  0  0/0   22 
Jack Johnson             1  0  1   0  2   4  1  0  0/0   20 
Joffrey Lupul            0  0  0  -1  2   1  2  0  0/0   14 
John Tavares             0  2  2   0  0   0  0  0  20/28 19 
Josh Gorges              0  0  0   0  0   0  1  0  0/0   19 
Keith Tkachuk            0  0  0   0  0   0  0  0  0/0   7  
Marco Sturm              0  0  0   0  4   0  2  0  0/0   14 
Mark Streit              0  0  0  -1  0   1  0  0  0/0   20 
Mikael Samuelsson        0  2  2   0  0   6  5  0  0/0   18 
Pierre-Marc Bouchard     0  0  0   0  0   2  0  0  0/1   16 
Rob Schremp              0  0  0   0  0   0  1  0  4/9   11 
Rostislav Olesz          0  0  0   0  0   1  1  0  0/0   14 
Ryan Potulny             0  0  0   0  0   0  0  0  8/17  11 
Sam Gagner               0  0  0   0  0   0  0  0  2/3   9  
Zach Bogosian            0  0  0   0  4   0  3  0  0/0   16 
RedWings
Player Name              G  A  P  +/- PIM S  H  SB FO    MP 
------------------------------------------------------------
Alexandre Burrows        0  0  0   0  2   5  0  0  1/4   17 
Brett Clark              0  0  0  -1  0   1  2  4  0/0   17 
Brian Campbell           0  2  2   2  4   1  0  0  0/0   19 
Colin White              0  0  0   0  2   0  0  1  0/0   19 
Curtis Glencross         0  0  0  -1  0   3  2  0  0/0   10 
Jamie Langenbrunner      1  0  1   2  0   2  0  0  0/1   16 
Keith Yandle             1  0  1   2  2   1  1  1  0/0   21 
Kris Draper              0  0  0   0  0   0  2  0  0/1   12 
Marty Reasoner           0  0  0  -1  0   0  0  1  6/11  12 
Nate Thompson            0  0  0   0  0   0  1  0  4/16  13 
Niclas Bergfors          0  0  0  -1  0   1  0  0  1/2   8  
Paul Martin              0  0  0  -1  0   0  0  2  0/0   21 
Pavel Kubina             0  0  0   0  2   0  0  2  0/0   20 
Pavol Demitra            0  0  0   0  0   0  0  0  0/0   8  
Ray Whitney              0  0  0   0  0   2  1  0  1/2   16 
Ryan Getzlaf             0  2  2   2  4   1  5  0  13/25 18 
Travis Zajac             0  0  0   0  0   3  0  0  5/20  15 
Zach Parise              1  2  3   2  0   5  0  0  0/0   20 

3 Stars

1 - Zach Parise (DET)
2 - Mikael Samuelsson (CGY)
3 - Jamie Langenbrunner (DET)

Power Play

Flames - 0 on 5 Attempt(s) - 0.00%
RedWings - 0 on 4 Attempt(s) - 0.00%

Penalty Kill

Flames - 4 on 4 Attempt(s) - 100.00% - Score 0 goal in Penalty Kill
RedWings - 5 on 5 Attempt(s) - 100.00% - Score 0 goal in Penalty Kill

Game Notes

No Game Note

Finance

Level 1 -- Attendance: 6500 (100.00%) -- Ticket Income $520,000.00
Level 2 -- Attendance: 5000 (100.00%) -- Ticket Income $225,000.00
Level 3 -- Attendance: 3500 (100.00%) -- Ticket Income $105,000.00
Level 4 -- Attendance: 2678 (65.86%) -- Ticket Income $40,170.00
Luxury Box -- Attendance: 1000 (100.00%) -- Ticket Income $150,000.00
Game was played at the Joe Louis Arena
Total Attendance: 18678 (93.08%)
Total Ticket Income: $1,085,043.00
Other Income: $210,076.80
Total Income: $1,295,119.00


Play by Play

Period #1

0:01 of 1st period - Travis Zajac wins face-off versus Anze Kopitar in neutral zone.
0:10 of 1st period - Shot by Anze Kopitar.
0:10 of 1st period - Shot Misses the Net.
0:12 of 1st period - Shot by Mark Streit.
0:12 of 1st period - Shot Misses the Net.
0:14 of 1st period - Shot by Joffrey Lupul.
0:14 of 1st period - Shot Misses the Net.
0:18 of 1st period - Shot by Alex Steen.
0:18 of 1st period - Stopped by Craig Anderson without a rebound.
0:19 of 1st period - John Tavares wins face-off versus Ryan Getzlaf in RedWings zone.
0:20 of 1st period - Shot by Mikael Samuelsson.
0:20 of 1st period - Shot Misses the Net.
0:22 of 1st period - Shot by John Tavares.
0:22 of 1st period - Shot Blocked by Keith Yandle.
0:24 of 1st period - Shot by Erik Johnson.
0:24 of 1st period - Goal by Erik Johnson - Flames : 1 - RedWings : 0.
0:25 of 1st period - Marty Reasoner wins face-off versus Rob Schremp in neutral zone.
0:25 of 1st period - Niclas Bergfors is hit by Marco Sturm and loses puck.
1:36 of 1st period - Shot by Alexandre Burrows.
1:36 of 1st period - Stopped by Miikka Kiprusoff without a rebound.
1:37 of 1st period - Ryan Getzlaf wins face-off versus John Tavares in Flames zone.
1:53 of 1st period - Shot by Zach Parise.
1:53 of 1st period - Stopped by Miikka Kiprusoff with a rebound.
1:55 of 1st period - Shot by Jamie Langenbrunner.
1:55 of 1st period - Goal by Jamie Langenbrunner - Flames : 1 - RedWings : 1.
1:56 of 1st period - Anze Kopitar wins face-off versus Nate Thompson in neutral zone.
2:15 of 1st period - Paul Martin is hit by Joffrey Lupul and loses puck.
2:50 of 1st period - Travis Zajac is hit by Jack Johnson and loses puck.
2:56 of 1st period - Icing by Mikael Samuelsson.
2:57 of 1st period - Ryan Getzlaf wins face-off versus John Tavares in Flames zone.
3:31 of 1st period - Zach Parise is hit by Mikael Samuelsson and loses puck.
3:49 of 1st period - Minor Penalty to Keith Yandle for Holding.
3:50 of 1st period - Anze Kopitar wins face-off versus Marty Reasoner in RedWings zone.
3:53 of 1st period - Shot by Alex Steen.
3:53 of 1st period - Stopped by Craig Anderson without a rebound.
3:54 of 1st period - Anze Kopitar wins face-off versus Marty Reasoner in RedWings zone.
4:21 of 1st period - Shot by Alex Steen.
4:21 of 1st period - Shot Misses the Net.
4:23 of 1st period - Shot by Alex Steen.
4:23 of 1st period - Stopped by Craig Anderson without a rebound.
4:24 of 1st period - John Tavares wins face-off versus Marty Reasoner in RedWings zone.
4:29 of 1st period - Shot by Erik Johnson.
4:29 of 1st period - Stopped by Craig Anderson with a rebound.
4:31 of 1st period - Shot by Erik Johnson.
4:31 of 1st period - Shot Misses the Net.
4:33 of 1st period - Shot by Jack Johnson.
4:33 of 1st period - Shot Misses the Net.
4:35 of 1st period - Shot by Erik Johnson.
4:35 of 1st period - Stopped by Craig Anderson with a rebound.
5:23 of 1st period - Icing by Mark Streit.
5:24 of 1st period - Nate Thompson wins face-off versus Sam Gagner in Flames zone.
5:56 of 1st period - Marco Sturm is hit by Keith Yandle and loses puck.
6:26 of 1st period - Minor Penalty to Pavel Kubina for Hooking.
6:26 of 1st period - Minor Penalty to Marco Sturm for Roughing.
6:27 of 1st period - Ray Whitney wins face-off versus John Tavares in RedWings zone.
6:44 of 1st period - Shot by Ray Whitney.
6:44 of 1st period - Deflect By Ryan Getzlaf.
6:44 of 1st period - Shot Misses the Net.
6:47 of 1st period - Icing by Erik Johnson.
6:48 of 1st period - John Tavares wins face-off versus Travis Zajac in Flames zone.
7:03 of 1st period - Travis Zajac is hit by Mikael Samuelsson and loses puck.
7:54 of 1st period - Shot by Anze Kopitar.
7:54 of 1st period - Stopped by Craig Anderson with a rebound.
7:56 of 1st period - Shot by Anze Kopitar.
7:56 of 1st period - Stopped by Craig Anderson without a rebound.
7:57 of 1st period - John Tavares wins face-off versus Alexandre Burrows in RedWings zone.
9:35 of 1st period - Icing by Brian Campbell.
9:36 of 1st period - Ryan Getzlaf wins face-off versus John Tavares in RedWings zone.
9:38 of 1st period - Icing by Jamie Langenbrunner.
9:39 of 1st period - Ryan Getzlaf wins face-off versus Rob Schremp in RedWings zone.
9:48 of 1st period - Shot by Zach Parise.
9:48 of 1st period - Shot Misses the Net.
10:07 of 1st period - Shot by Rob Schremp.
10:07 of 1st period - Shot Blocked by Pavel Kubina.
10:50 of 1st period - Shot by Mikael Samuelsson.
10:50 of 1st period - Stopped by Craig Anderson with a rebound.
10:52 of 1st period - Shot by John Tavares.
10:52 of 1st period - Shot Misses the Net.
10:54 of 1st period - Shot by Jack Johnson.
10:54 of 1st period - Stopped by Craig Anderson with a rebound.
10:58 of 1st period - Shot by Mikael Samuelsson.
10:58 of 1st period - Stopped by Craig Anderson without a rebound.
10:59 of 1st period - Marty Reasoner wins face-off versus Anze Kopitar in RedWings zone.
11:09 of 1st period - Alex Steen is hit by Brett Clark and loses puck.
11:27 of 1st period - Off-side.
11:28 of 1st period - Ryan Getzlaf wins face-off versus Ryan Potulny in neutral zone.
11:39 of 1st period - Minor Penalty to Jack Johnson for Hooking.
11:40 of 1st period - Ryan Getzlaf wins face-off versus Ryan Potulny in Flames zone.
14:32 of 1st period - Icing by Brett Clark.
14:33 of 1st period - Marty Reasoner wins face-off versus Ryan Potulny in RedWings zone.
14:58 of 1st period - Icing by Dan Boyle.
14:59 of 1st period - Travis Zajac wins face-off versus Ryan Potulny in Flames zone.
15:04 of 1st period - Shot by Ray Whitney.
15:04 of 1st period - Shot Misses the Net.
15:33 of 1st period - Minor Penalty to Alexandre Burrows for Holding.
15:34 of 1st period - John Tavares wins face-off versus Nate Thompson in RedWings zone.
17:36 of 1st period - Mark Streit is hit by Brett Clark and loses puck.
17:45 of 1st period - Shot by Marty Reasoner.
17:45 of 1st period - Shot Misses the Net.
17:47 of 1st period - Shot by Niclas Bergfors.
17:47 of 1st period - Stopped by Miikka Kiprusoff without a rebound.
17:48 of 1st period - Alexandre Burrows wins face-off versus Ryan Potulny in Flames zone.
17:51 of 1st period - Shot by Jamie Langenbrunner.
17:51 of 1st period - Stopped by Miikka Kiprusoff without a rebound.
17:52 of 1st period - Marty Reasoner wins face-off versus Ryan Potulny in Flames zone.
18:03 of 1st period - Shot by Curtis Glencross.
18:03 of 1st period - Shot Misses the Net.
18:23 of 1st period - Shot by Curtis Glencross.
18:23 of 1st period - Stopped by Miikka Kiprusoff without a rebound.
18:24 of 1st period - John Tavares wins face-off versus Ryan Getzlaf in Flames zone.
19:44 of 1st period - Pavol Demitra is hit by Rostislav Olesz.

Period #2

0:01 of 2nd period - Anze Kopitar wins face-off versus Travis Zajac in neutral zone.
0:27 of 2nd period - Off-side.
0:28 of 2nd period - John Tavares wins face-off versus Ryan Getzlaf in neutral zone.
0:36 of 2nd period - Keith Yandle is hit by Mikael Samuelsson.
1:51 of 2nd period - Off-side.
1:52 of 2nd period - Anze Kopitar wins face-off versus Travis Zajac in neutral zone.
1:56 of 2nd period - Icing by Pavel Kubina.
1:57 of 2nd period - Anze Kopitar wins face-off versus Travis Zajac in RedWings zone.
2:07 of 2nd period - Off-side.
2:08 of 2nd period - Sam Gagner wins face-off versus Marty Reasoner in neutral zone.
2:21 of 2nd period - Shot by Niclas Bergfors.
2:21 of 2nd period - Shot Misses the Net.
2:23 of 2nd period - Shot by Paul Martin.
2:23 of 2nd period - Shot Blocked by Dan Boyle.
2:49 of 2nd period - Shot by Brett Clark.
2:49 of 2nd period - Shot Blocked by Dan Boyle.
3:16 of 2nd period - Off-side.
3:17 of 2nd period - Nate Thompson wins face-off versus John Tavares in neutral zone.
3:22 of 2nd period - Shot by Pavol Demitra.
3:22 of 2nd period - Shot Misses the Net.
3:24 of 2nd period - Shot by Brett Clark.
3:24 of 2nd period - Stopped by Miikka Kiprusoff with a rebound.
3:28 of 2nd period - Shot by Nate Thompson.
3:28 of 2nd period - Deflect By Pavol Demitra.
3:28 of 2nd period - Shot Misses the Net.
3:38 of 2nd period - Kris Draper is hit by Mikael Samuelsson and loses puck.
4:05 of 2nd period - Shot by Ray Whitney.
4:05 of 2nd period - Shot Misses the Net.
4:11 of 2nd period - Shot by Alexandre Burrows.
4:11 of 2nd period - Stopped by Miikka Kiprusoff without a rebound.
4:12 of 2nd period - Anze Kopitar wins face-off versus Ryan Getzlaf in Flames zone.
4:12 of 2nd period - Anze Kopitar is hit by Ryan Getzlaf.
4:35 of 2nd period - Shot by Zach Parise.
4:35 of 2nd period - Stopped by Miikka Kiprusoff without a rebound.
4:36 of 2nd period - Rob Schremp wins face-off versus Travis Zajac in Flames zone.
4:53 of 2nd period - Shot by Rostislav Olesz.
4:53 of 2nd period - Stopped by Craig Anderson without a rebound.
4:54 of 2nd period - Ryan Getzlaf wins face-off versus Alex Steen in RedWings zone.
4:54 of 2nd period - Ryan Getzlaf is hit by Joffrey Lupul.
6:13 of 2nd period - Shot by Alexandre Burrows.
6:13 of 2nd period - Stopped by Miikka Kiprusoff without a rebound.
6:14 of 2nd period - John Tavares wins face-off versus Marty Reasoner in Flames zone.
6:32 of 2nd period - Shot by Jack Johnson.
6:32 of 2nd period - Goal by Jack Johnson - Flames : 2 - RedWings : 1.
6:33 of 2nd period - Ryan Potulny wins face-off versus Travis Zajac in neutral zone.
6:57 of 2nd period - Icing by Josh Gorges.
6:58 of 2nd period - Nate Thompson wins face-off versus Ryan Potulny in Flames zone.
7:41 of 2nd period - Icing by Erik Johnson.
7:42 of 2nd period - John Tavares wins face-off versus Ray Whitney in Flames zone.
7:44 of 2nd period - Icing by Jack Johnson.
7:45 of 2nd period - John Tavares wins face-off versus Travis Zajac in Flames zone.
7:49 of 2nd period - Off-side.
7:50 of 2nd period - Ryan Getzlaf wins face-off versus Anze Kopitar in neutral zone.
8:53 of 2nd period - Icing by Jack Johnson.
8:54 of 2nd period - Anze Kopitar wins face-off versus Niclas Bergfors in Flames zone.
8:54 of 2nd period - Anze Kopitar is hit by Curtis Glencross.
9:23 of 2nd period - Shot by Curtis Glencross.
9:23 of 2nd period - Stopped by Miikka Kiprusoff without a rebound.
9:24 of 2nd period - Ryan Potulny wins face-off versus Travis Zajac in Flames zone.
9:55 of 2nd period - Shot by Ray Whitney.
9:55 of 2nd period - Stopped by Miikka Kiprusoff without a rebound.
9:56 of 2nd period - Rob Schremp wins face-off versus Jamie Langenbrunner in Flames zone.
10:34 of 2nd period - Minor Penalty to Zach Bogosian for Hooking.
10:35 of 2nd period - Anze Kopitar wins face-off versus Travis Zajac in Flames zone.
10:35 of 2nd period - Anze Kopitar is hit by Ray Whitney.
11:31 of 2nd period - Mikael Samuelsson is hit by Ryan Getzlaf and loses puck.
11:36 of 2nd period - Shot by Zach Parise.
11:36 of 2nd period - Stopped by Miikka Kiprusoff with a rebound.
11:38 of 2nd period - Shot by Alexandre Burrows.
11:38 of 2nd period - Shot Misses the Net.
11:40 of 2nd period - Shot by Brian Campbell.
11:40 of 2nd period - Stopped by Miikka Kiprusoff without a rebound.
11:41 of 2nd period - Anze Kopitar wins face-off versus Travis Zajac in Flames zone.
12:54 of 2nd period - Shot by Mikael Samuelsson.
12:54 of 2nd period - Stopped by Craig Anderson without a rebound.
12:55 of 2nd period - Niclas Bergfors wins face-off versus Anze Kopitar in RedWings zone.
13:06 of 2nd period - Shot by Curtis Glencross.
13:06 of 2nd period - Stopped by Miikka Kiprusoff without a rebound.
13:07 of 2nd period - Ryan Getzlaf wins face-off versus John Tavares in Flames zone.
13:17 of 2nd period - Icing by Erik Johnson.
13:18 of 2nd period - John Tavares wins face-off versus Nate Thompson in Flames zone.
13:18 of 2nd period - John Tavares is hit by Kris Draper.
13:35 of 2nd period - Shot by Mikael Samuelsson.
13:35 of 2nd period - Stopped by Craig Anderson without a rebound.
13:36 of 2nd period - Anze Kopitar wins face-off versus Travis Zajac in RedWings zone.
14:06 of 2nd period - Off-side.
14:07 of 2nd period - Rob Schremp wins face-off versus Ryan Getzlaf in neutral zone.
14:30 of 2nd period - Minor Penalty to Ryan Getzlaf for Roughing.
14:30 of 2nd period - Minor Penalty to Marco Sturm for Holding.
14:31 of 2nd period - John Tavares wins face-off versus Alexandre Burrows in neutral zone.
14:49 of 2nd period - Minor Penalty to Colin White for High sticking.
14:50 of 2nd period - Anze Kopitar wins face-off versus Nate Thompson in RedWings zone.
15:04 of 2nd period - Off-side.
15:05 of 2nd period - John Tavares wins face-off versus Nate Thompson in neutral zone.
15:59 of 2nd period - Keith Yandle is hit by Mikael Samuelsson and loses puck.
16:23 of 2nd period - Shot by Anze Kopitar.
16:23 of 2nd period - Deflect By Mikael Samuelsson.
16:23 of 2nd period - Shot Blocked by Pavel Kubina.
16:27 of 2nd period - Shot by Anze Kopitar.
16:27 of 2nd period - Deflect By Mikael Samuelsson.
16:27 of 2nd period - Shot Misses the Net.
16:29 of 2nd period - Shot by Anze Kopitar.
16:29 of 2nd period - Shot Hit the Post.
16:31 of 2nd period - Shot by Erik Johnson.
16:31 of 2nd period - Shot Misses the Net.
16:35 of 2nd period - Shot by Jack Johnson.
16:35 of 2nd period - Stopped by Craig Anderson with a rebound.
16:51 of 2nd period - Shot by Marco Sturm.
16:51 of 2nd period - Shot Misses the Net.
17:16 of 2nd period - Ray Whitney is hit by Josh Gorges and loses puck.
18:07 of 2nd period - Icing by Brett Clark.
18:08 of 2nd period - John Tavares wins face-off versus Nate Thompson in RedWings zone.
18:46 of 2nd period - Icing by Erik Johnson.
18:47 of 2nd period - John Tavares wins face-off versus Ryan Getzlaf in Flames zone.
19:01 of 2nd period - Zach Parise is hit by Dan Boyle and loses puck.
19:11 of 2nd period - Icing by Keith Yandle.
19:12 of 2nd period - Ryan Getzlaf wins face-off versus Rob Schremp in RedWings zone.
19:12 of 2nd period - Ryan Getzlaf is hit by Marco Sturm.
19:17 of 2nd period - Zach Parise is hit by Zach Bogosian.
19:45 of 2nd period - Shot by Travis Zajac.
19:45 of 2nd period - Stopped by Miikka Kiprusoff without a rebound.
19:46 of 2nd period - Anze Kopitar wins face-off versus Travis Zajac in Flames zone.

Period #3

0:01 of 3rd period - Anze Kopitar wins face-off versus Travis Zajac in neutral zone.
0:26 of 3rd period - Shot by Ray Whitney.
0:26 of 3rd period - Shot Misses the Net.
0:30 of 3rd period - Shot by Alexandre Burrows.
0:30 of 3rd period - Stopped by Miikka Kiprusoff without a rebound.
0:31 of 3rd period - John Tavares wins face-off versus Ryan Getzlaf in Flames zone.
0:31 of 3rd period - John Tavares is hit by Ryan Getzlaf.
0:32 of 3rd period - Minor Penalty to Ryan Getzlaf for Roughing.
0:33 of 3rd period - John Tavares wins face-off versus Nate Thompson in RedWings zone.
0:50 of 3rd period - Shot by Pierre-Marc Bouchard.
0:50 of 3rd period - Shot Misses the Net.
0:54 of 3rd period - Shot by Joffrey Lupul.
0:54 of 3rd period - Shot Misses the Net.
0:56 of 3rd period - Shot by Jack Johnson.
0:56 of 3rd period - Stopped by Craig Anderson without a rebound.
0:57 of 3rd period - Marty Reasoner wins face-off versus Anze Kopitar in RedWings zone.
0:57 of 3rd period - Marty Reasoner is hit by Anze Kopitar.
1:07 of 3rd period - Colin White is hit by Anze Kopitar and loses puck.
1:14 of 3rd period - Shot by Mikael Samuelsson.
1:14 of 3rd period - Stopped by Craig Anderson with a rebound.
1:16 of 3rd period - Shot by Anze Kopitar.
1:16 of 3rd period - Stopped by Craig Anderson without a rebound.
1:17 of 3rd period - John Tavares wins face-off versus Nate Thompson in RedWings zone.
1:18 of 3rd period - Shot by Pierre-Marc Bouchard.
1:18 of 3rd period - Stopped by Craig Anderson with a rebound.
1:20 of 3rd period - Shot by Jack Johnson.
1:20 of 3rd period - Deflect By Joffrey Lupul.
1:20 of 3rd period - Stopped by Craig Anderson without a rebound.
1:21 of 3rd period - Nate Thompson wins face-off versus Pierre-Marc Bouchard in RedWings zone.
3:05 of 3rd period - Shot by Rostislav Olesz.
3:05 of 3rd period - Shot Misses the Net.
3:47 of 3rd period - Shot by Mikael Samuelsson.
3:47 of 3rd period - Stopped by Craig Anderson with a rebound.
3:51 of 3rd period - Shot by Anze Kopitar.
3:51 of 3rd period - Shot Blocked by Brett Clark.
3:55 of 3rd period - Shot by Mikael Samuelsson.
3:55 of 3rd period - Shot Blocked by Brett Clark.
3:57 of 3rd period - Shot by Alex Steen.
3:57 of 3rd period - Shot Blocked by Paul Martin.
3:59 of 3rd period - Shot by Mark Streit.
3:59 of 3rd period - Shot Misses the Net.
4:03 of 3rd period - Shot by Mikael Samuelsson.
4:03 of 3rd period - Shot Blocked by Marty Reasoner.
4:05 of 3rd period - Shot by Dan Boyle.
4:05 of 3rd period - Shot Misses the Net.
4:07 of 3rd period - Shot by Mark Streit.
4:07 of 3rd period - Shot Misses the Net.
4:09 of 3rd period - Shot by Anze Kopitar.
4:09 of 3rd period - Shot Misses the Net.
4:11 of 3rd period - Shot by Anze Kopitar.
4:11 of 3rd period - Shot Blocked by Brett Clark.
4:13 of 3rd period - Shot by Alex Steen.
4:13 of 3rd period - Deflect By Mikael Samuelsson.
4:13 of 3rd period - Shot Misses the Net.
4:45 of 3rd period - Shot by Alexandre Burrows.
4:45 of 3rd period - Stopped by Miikka Kiprusoff without a rebound.
4:46 of 3rd period - Travis Zajac wins face-off versus Ryan Potulny in Flames zone.
4:55 of 3rd period - Shot by Ryan Potulny.
4:55 of 3rd period - Shot Blocked by Colin White.
5:20 of 3rd period - Off-side.
5:21 of 3rd period - John Tavares wins face-off versus Ryan Getzlaf in neutral zone.
5:28 of 3rd period - Shot by Pierre-Marc Bouchard.
5:28 of 3rd period - Stopped by Craig Anderson without a rebound.
5:29 of 3rd period - Ryan Getzlaf wins face-off versus Rob Schremp in RedWings zone.
5:29 of 3rd period - Ryan Getzlaf is hit by Rob Schremp.
5:43 of 3rd period - Shot by Zach Parise.
5:43 of 3rd period - Deflect By Ryan Getzlaf.
5:43 of 3rd period - Stopped by Miikka Kiprusoff without a rebound.
5:44 of 3rd period - John Tavares wins face-off versus Nate Thompson in Flames zone.
6:33 of 3rd period - Minor Penalty to Joffrey Lupul for Tripping.
6:34 of 3rd period - Ryan Potulny wins face-off versus Ryan Getzlaf in Flames zone.
6:34 of 3rd period - Ryan Potulny is hit by Ryan Getzlaf.
6:41 of 3rd period - Icing by Zach Parise.
6:42 of 3rd period - Ryan Potulny wins face-off versus Ryan Getzlaf in RedWings zone.
7:32 of 3rd period - Icing by Pavel Kubina.
7:33 of 3rd period - Travis Zajac wins face-off versus Ryan Potulny in RedWings zone.
7:55 of 3rd period - Shot by Travis Zajac.
7:55 of 3rd period - Stopped by Miikka Kiprusoff without a rebound.
7:56 of 3rd period - Ryan Potulny wins face-off versus Travis Zajac in Flames zone.
8:36 of 3rd period - Erik Johnson is hit by Curtis Glencross and loses puck.
8:50 of 3rd period - Shot by John Tavares.
8:50 of 3rd period - Shot Blocked by Brett Clark.
8:54 of 3rd period - Shot by Mark Streit.
8:54 of 3rd period - Stopped by Craig Anderson without a rebound.
8:55 of 3rd period - Anze Kopitar wins face-off versus Ryan Getzlaf in RedWings zone.
9:18 of 3rd period - Shot by Zach Parise.
9:18 of 3rd period - Shot Misses the Net.
9:22 of 3rd period - Shot by Zach Parise.
9:22 of 3rd period - Shot Blocked by Dan Boyle.
9:24 of 3rd period - Shot by Keith Yandle.
9:24 of 3rd period - Goal by Keith Yandle - Flames : 2 - RedWings : 2.
9:25 of 3rd period - Rob Schremp wins face-off versus Nate Thompson in neutral zone.
9:42 of 3rd period - Josh Gorges is hit by Kris Draper and loses puck.
9:44 of 3rd period - Minor Penalty to Zach Bogosian for Goalie Interference.
9:45 of 3rd period - Ryan Potulny wins face-off versus Ryan Getzlaf in Flames zone.
10:40 of 3rd period - Shot by Travis Zajac.
10:40 of 3rd period - Stopped by Miikka Kiprusoff without a rebound.
10:41 of 3rd period - Ryan Potulny wins face-off versus Travis Zajac in Flames zone.
11:25 of 3rd period - Josh Gorges is hit by Ryan Getzlaf and loses puck.
11:59 of 3rd period - Off-side.
12:00 of 3rd period - Anze Kopitar wins face-off versus Nate Thompson in neutral zone.
12:51 of 3rd period - Icing by Curtis Glencross.
12:52 of 3rd period - Travis Zajac wins face-off versus John Tavares in RedWings zone.
13:23 of 3rd period - Shot by Ray Whitney.
13:23 of 3rd period - Stopped by Miikka Kiprusoff without a rebound.
13:24 of 3rd period - Ryan Getzlaf wins face-off versus Rob Schremp in Flames zone.
13:34 of 3rd period - Ryan Getzlaf is hit by Zach Bogosian and loses puck.
13:39 of 3rd period - Shot by Ryan Getzlaf.
13:39 of 3rd period - Shot Misses the Net.
13:43 of 3rd period - Shot by Zach Parise.
13:43 of 3rd period - Stopped by Miikka Kiprusoff without a rebound.
13:44 of 3rd period - Ryan Potulny wins face-off versus Nate Thompson in Flames zone.
14:15 of 3rd period - Dan Boyle is hit by Nate Thompson and loses puck.
15:10 of 3rd period - Icing by Brett Clark.
15:11 of 3rd period - Anze Kopitar wins face-off versus Kris Draper in RedWings zone.
15:41 of 3rd period - Travis Zajac is hit by Zach Bogosian and loses puck.
16:30 of 3rd period - Shot by Zach Parise.
16:30 of 3rd period - Goal by Zach Parise - Flames : 2 - RedWings : 3.
16:31 of 3rd period - Ryan Getzlaf wins face-off versus John Tavares in neutral zone.
16:36 of 3rd period - Shot by Zach Parise.
16:36 of 3rd period - Shot Misses the Net.
16:53 of 3rd period - Double Minor Penalty to Brian Campbell for High sticking.
16:54 of 3rd period - Marty Reasoner wins face-off versus Anze Kopitar in RedWings zone.
18:16 of 3rd period - Shot by Alex Steen.
18:16 of 3rd period - Stopped by Craig Anderson without a rebound.
18:17 of 3rd period - Sam Gagner wins face-off versus Alexandre Burrows in RedWings zone.
19:01 of 3rd period - Flames, Miikka Kiprusoff is pulled from the net.
19:54 of 3rd period - Shot by Anze Kopitar.
19:54 of 3rd period - Shot Blocked by Paul Martin.
19:56 of 3rd period - Shot by Mikael Samuelsson.
19:56 of 3rd period - Shot Misses the Net.


Output by the SimonT Hockey Simulator (STHS) for Stephane Roy -- Original Page W3C XHTML 1.0 Valid